 Dungeon Crawl Stone Soup version 0.27.1-1-g398f81649c (webtiles) character file.

Game seed: 17185455512981156434

51 Kangaroobicon the Cudgeller (level 3, -2/33 HPs)
             Began as a Draconian Berserker on Sept 13, 2021.
             Was a Believer of Trog.
             Killed by divine providence
             ... invoked by an orc priest
              (11 damage)
             ... on level 3 of the Dungeon.
             The game lasted 00:18:29 (1817 turns).

Kangaroobicon the Cudgeller (Draconian Berserker)   Turns: 1817, Time: 00:18:29

Health: -2/33      AC:  5    Str: 19    XL:     3   Next: 57%
Magic:  3/3        EV: 12    Int:  7    God:    Trog [**....]
Gold:   107        SH:  0    Dex: 11    Spells: 2/2 levels left

rFire    . . .     SeeInvis .   a - +0 mace
rCold    . . .     Faith    .   (no shield)
rNeg     . . .     Spirit   .   (armour unavailable)
rPois    .         Reflect  .   (helmet restricted)
rElec    .         Harm     .   (no cloak)
rCorr    +         Rampage  .   (no gloves)
Will     .....                  (no boots)
Stlth    +.........             (no amulet)
HPRegen  0.11/turn              b - ring of resist corrosion
MPRegen  0.08/turn              l - ring of wizardry

@: no status effects
A: AC +5, unfitting armour, cold-blooded
a: Renounce Religion, Berserk, Trog's Hand


You were on level 3 of the Dungeon.
You worshipped Trog.
Trog was pleased with you.
You visited 1 branch of the dungeon, and saw 3 of its levels.

You collected 107 gold pieces.

Inventory:

Hand Weapons
 a - a +0 mace (weapon)
Missiles
 c - 28 sling bullets
 d - 168 stones (quivered)
 m - 47 bolts
 q - 17 arrows
Jewellery
 b - a ring of resist corrosion (left hand)
 l - a ring of wizardry (right hand)
Scrolls
 f - a scroll of amnesia {unknown}
 i - 3 scrolls of summoning
 k - a scroll of teleportation {unknown}
 o - a scroll of vulnerability {unknown}
 r - a scroll of noise {unknown}
Potions
 e - a potion of cancellation
 g - 2 potions of attraction
 h - a potion of curing
 j - a potion of heal wounds {unknown}
 n - a potion of lignification {unknown}
 p - 2 potions of mutation {unknown}


   Skills:
 + Level 3.8 Fighting
 + Level 3.9 Maces & Flails
 + Level 3.0 Dodging


You had 2 spell levels left.
You didn't know any spells.
Your spell library was empty.

Dungeon Overview and Level Annotations

Branches:
Dungeon (3/15)

Altars:
Yredelemnul


Innate Abilities, Weirdness & Mutations

Your plain brown scales are hard. (AC +5)
You cannot fit into any form of body armour.
You are cold-blooded and may be slowed by cold attacks.


Message History

Throw: 170 stones
Press: ? - help, Q - select action, (/) - cycle Shift-Dir - straight line, f/p - orc
Aim: an orc, wielding a +0 dagger and wearing a +0 leather armour (56% to hit)
You throw a stone.
The stone hits the orc but does no damage.
You hit the orc.
The orc is heavily wounded.
The orc hits you but does no damage. The orc misses you.
You hit the orc.
You kill the orc!
Trog accepts your kill.
Throw: 169 stones
Press: ? - help, Q - select action, (/) - cycle Shift-Dir - straight line, f - orc
Aim: an orc, wielding a +0 short sword and wearing a +0 ring mail (60% to hit)
You throw a stone.
The stone hits the orc but does no damage.
You closely miss the orc.
The orc priest hits you from afar with a +0 trident.
You closely miss the orc.
Your tail-slap misses the orc.
The orc hits you with a +0 short sword.
The orc priest mumbles some strange prayers to Beogh against you.
Pain shoots through your body! The orc misses you.
You hit the orc.
Your tail-slap misses the orc.
The orc is moderately wounded.
The orc priest calls upon Beogh to heal the orc.
The orc's wounds heal themselves!
The orc misses you.
You closely miss the orc. The orc priest closely misses you.
The orc hits you with a +0 short sword.
The orc priest hits you from afar with a +0 trident.
You hit the orc.
Your tail-slap misses the orc.
The orc is moderately wounded.
The orc barely misses you.
The orc priest hits you from afar with a +0 trident.
* * * LOW HITPOINT WARNING * * *
You hit the orc.
Your tail-slap misses the orc.
The orc is heavily wounded.
The orc barely misses you.
The orc priest invokes the aid of Beogh against you.
Beogh smites you!
You die...

.........#.#
...........#
#.#.#.#..#.#
#........##.# #
#.#....#
#........# .#
###.###.#..#
########.# .#
........#..#####
.# .#
................
###.#.#..#.######
.. #.#..#.##....
## ###..@.......
......)o.......
.....o.........
#........>......
#...............
#...(........###
#.(..........#
............#


You could see an orc priest and an orc.

Vanquished Creatures
  An adder (D:2)
  An orc (D:3)
  4 ball pythons (D:2)
  2 bats (D:2)
  5 endoplasms
  2 giant cockroaches (D:2)
  5 goblins
  2 hobgoblins
  4 jackals
  3 kobolds (D:1)
  3 frilled lizards
  4 rats (D:1)
36 creatures vanquished.

Vanquished Creatures (others)
  2 plants (D:1)
2 creatures vanquished.

Grand Total: 38 creatures vanquished

Notes
Turn   | Place    | Note
-------+----------+-------------------------------------------
     0 | D:1      | Kangaroobicon the Draconian Berserker began the quest for
                  | the Orb.
     0 | D:1      | Reached XP level 1. HP: 19/19 MP: 1/1
   428 | D:1      | Reached XP level 2. HP: 20/26 MP: 2/2
   897 | D:2      | Found a faded altar of an unknown god.
  1277 | D:2      | Reached XP level 3. HP: 24/33 MP: 3/3
  1292 | D:2      | Reached ** piety under Trog
  1657 | D:3      | Found a basalt altar of Yredelemnul.
  1817 | D:3      | Killed from afar by an orc priest

Illustrated notes

Levels and vault maps discovered:
D:1:      dpeg_arrival_boxorama, layout_basic, serial_forest,
          infiniplex_forest_lined_room_2, infiniplex_forest_end_double,
          infiniplex_forest_clump_medium, infiniplex_forest_straight_2,
          infiniplex_forest_clump_curved, infiniplex_forest_lined_2,
          infiniplex_forest_lined_corner, infiniplex_forest_clump_long,
          infiniplex_forest_clump_tiny, infiniplex_forest_straight_3
D:2:      layout_rooms, shapermc_ecumenical_altar_mp_vishouse,
          minmay_heptomino_w4
D:3:      layout_basic, mainiacjoe_overflow_six_doors_small,
          lemuel_coloured_pillars_altar, mainiacjoe_overflow_small_starburst,
          chequers_temple_overflow_statue_of_worship,
          minmay_misc_feat_nine_boxes

Skill      XL: |  1  2 |
---------------+-------+-----
Dodging        | 3 |  3.0
Fighting       | |  3.8
Maces & Flails | |  3.9

Action                   || total
-------------------------++-------
Melee: Mace              ||   106
       Tailslap          ||    11
Throw: Stone             ||     4
  Use: Scroll            ||     4
Armor: Skin              ||    40
Dodge: Dodged            ||    62
